 Dungeon Crawl Stone Soup version 0.15-a0-1081-gb32516e (webtiles) character file.

4316 Deemzul the Martial Artist (level 10, 0/71 HPs)
             Began as an Octopode Monk on May 28, 2014.
             Was a Priest of Qazlal.
             Slain by an orc
             ... wielding a +1,+1 hand axe
              (5 damage)
             ... on Level 8 of the Dungeon.
             The game lasted 00:16:20 (8584 turns).

Deemzul the Martial Artist (Octopode Monk)          Turns: 8584, Time: 00:16:20

HP   0/71        AC  1     Str 15      XL: 10   Next: 33%
MP  18/18        EV 13     Int 11 (15) God: Qazlal [***...]
Gold 370         SH  8     Dex 17 (18) Spells:  0 memorised,  9 levels left

rFire  . . .     SeeInvis .       - Unarmed
rCold  . . .     Clarity  .     (no shield)
rNeg   . . .     Conserve .     (helmet restricted)
rPois  .         rCorr    .     e - amulet of the gourmand
rElec  .         rRot     .     c - ring of wizardry
SustAb .         Spirit   .     (no ring)
rMut   .         Warding  .     (no ring)
Gourm  +         Stasis   .     (no ring)
MR     .....                    (no ring)
                                (no ring)
                                (no ring)
                                (no ring)

@: mighty, about to teleport, not resistant to hostile enchantments, unstealthy
A: almost no armour, amphibious, 8 rings, constrict 8, tentacle spike 1,
camouflage 1, clever 1, gelatinous body 1
a: Upheaval, Elemental Force, Renounce Religion


You were on level 8 of the Dungeon.
You worshipped Qazlal.
Qazlal was most pleased with you.
You were very full.

You visited 2 branches of the dungeon, and saw 10 of its levels.

You collected 441 gold pieces.
You spent 71 gold pieces at shops.

Inventory:

Hand weapons
 g - a +0 blowgun
Missiles
 h - 10 poisoned needles
Magical devices
 f - a wand of magic darts (14)
 p - a wand of draining (0)
Comestibles
 b - 5 bread rations
 i - 112 fruits
 l - 4 beef jerkies
 m - 5 meat rations
 q - a royal jelly
 A - 2 slices of pizza
Scrolls
 a - 5 scrolls of teleportation
 d - 12 scrolls of identify
 j - a scroll of fog
 o - 2 scrolls of recharging {unknown}
 v - 5 scrolls of remove curse
 x - a scroll of magic mapping {unknown}
 y - a scroll of enchant weapon II {unknown}
 B - a scroll of enchant weapon I {unknown}
Jewellery
 c - a ring of wizardry (left tentacle)
 e - an amulet of the gourmand (around mantle)
Potions
 w - 4 potions of restore abilities


   Skills:
 + Level 7.0 Fighting
 - Level 3.0 Dodging
 - Level 2.6 Stealth
 * Level 12.0 Unarmed Combat
 + Level 4.8 Invocations
 + Level 5.5 Evocations


You had 9 spell levels left.
You didn't know any spells.

Dungeon Overview and Level Annotations

Branches:
Dungeon (9/15)             Temple (1/1) D:6
    Orc: D:9-12        Lair: D:8-11

Altars:
Ashenzari
Gozag
Kikubaaqudgha
Nemelex Xobeh
Qazlal
Sif Muna
Vehumet
Xom
The Shining One

Shops:
D:6 *   D:7 =

Annotations:
D:8 Grum


Innate Abilities, Weirdness & Mutations

You cannot wear most types of armour.
You are amphibious.
You can wear up to eight rings at the same time.
You can use your tentacles to constrict many enemies at once.
Your skin changes colour to match your surroundings (Stealth).
Your rubbery body absorbs attacks (AC +1).
One of your tentacles bears a spike.
Your mind is acute. (Int +2)


Message History

You constrict the hound. The hound bites you.
* * * LOW HITPOINT WARNING * * *
You barely miss the hound.
The hound is almost dead.
You constrict the hound. You block the hound's attack.
You block the hound's attack.
An orc comes into view. It is wielding a hand axe.
Unknown command.
Read which item? (? for menu, Esc to quit)
As you read the scroll of teleportation, it crumbles to dust.
You feel strangely unstable.
You constrict the hound.
You kill the hound!
Qazlal accepts your kill.
The orc cheers repeatedly.
Unknown command.
Drink which item? (? for menu, Esc to quit)
Okay, then.
Unknown command.
The orc hits you with a hand axe.
You die...

.(.........P.........
..............#######
..............####...
#..................?.
#..............###.##
#.%.%.../......#
#.).).........## #
#..........P..####.###...
.............g.Y@o<....#
.....%......h.########.#
?...................
.........)..#.#####
.....♣♣♣♣...#'# .....♣
♣♣..... .....♣ ♣......
...... ♣...>... .....
♣......


You could see Grum, an ice beast, a wolf and an orc.

Vanquished Creatures
  The ghost of Deemzul the Martial Artist, an experienced OpMo (D:8)
  The ghost of mickemicke the Covert, an experienced KoAs of Dithmenos (D:7)
  A hippogriff (D:7)
  2 wolves (D:8)
  3 swamp worms (D:8)
  Edmund (D:8)
  A black bear (D:8)
  An ice beast (D:7)
  2 ogres
  A big kobold (D:8)
  Sigmund (D:3)
  A brain worm (D:8)
  A giant slug (D:8)
  2 orc warriors
  A scorpion (D:7)
  6 killer bees (D:7)
  A quasit (D:8)
  2 crimson imps
  A gnoll shaman (D:5)
  5 giant frogs
  2 giant frog zombies
  A centaur skeleton (D:4)
  2 jellies
  4 hounds
  An orc priest (D:4)
  6 worker ants
  2 orc wizards
  2 iguanas
  Ijyb (D:3)
  An ogre skeleton (D:4)
  2 hound skeletons
  A worker ant zombie (D:8)
  A big fish zombie (D:2)
  6 gnolls (D:5)
  3 giant mites
  7 adders
  6 worms
  An adder zombie (D:5)
  18 orcs
  2 ball pythons
  14 bats
  A bat zombie (D:2)
  6 giant cockroaches
  14 hobgoblins
  3 oozes
  6 quokkas
  6 giant geckos
  8 giant newts
  15 goblins
  8 jackals
  17 kobolds
  10 rats
  3 rat zombies (D:2)
  4 plants (D:8)
219 creatures vanquished.

Vanquished Creatures (others)
  A plant (D:8)
1 creature vanquished.

Grand Total: 220 creatures vanquished

Notes
Turn   | Place    | Note
--------------------------------------------------------------
     0 | D:1      | Deemzul, the Octopode Monk, began the quest for the Orb.
     0 | D:1      | Reached XP level 1. HP: 16/16 MP: 1/1
    98 | D:1      | Reached XP level 2. HP: 15/21 MP: 2/2
   618 | D:1      | Reached XP level 3. HP: 26/26 MP: 3/3
   718 | D:2      | Reached skill level 5 in Unarmed Combat
  1200 | D:2      | Found an ancient bone altar of Kikubaaqudgha.
  1413 | D:2      | Reached XP level 4. HP: 23/31 MP: 4/4
  1543 | D:2      | Noticed a scorpion
  1544 | D:2      | Noticed a water moccasin
  1686 | D:3      | Noticed Ijyb
  1701 | D:3      | Killed Ijyb
  1930 | D:3      | Reached skill level 6 in Unarmed Combat
  1957 | D:3      | Noticed Sigmund
  1969 | D:3      | Killed Sigmund
  1969 | D:3      | Reached XP level 5. HP: 23/36 MP: 5/5
  2463 | D:4      | Noticed an ogre
  2500 | D:4      | Reached skill level 7 in Unarmed Combat
  2592 | D:4      | Reached XP level 6. HP: 42/42 MP: 6/6
  2707 | D:4      | Found a shimmering altar of Xom.
  2713 | D:4      | Found a deep blue altar of Sif Muna.
  2812 | D:4      | Found an opulent altar of Gozag.
  3486 | D:4      | Killed an ogre
  3486 | D:4      | Reached skill level 8 in Unarmed Combat
  3486 | D:4      | Reached XP level 7. HP: 46/46 MP: 7/7
  4157 | D:5      | Entered Level 5 of the Dungeon
  4692 | D:5      | Reached skill level 9 in Unarmed Combat
  4823 | D:5      | Found a glowing golden altar of the Shining One.
  5524 | D:6      | Reached XP level 8. HP: 49/52 MP: 8/8
  5549 | D:6      | Found Ocosm's General Store.
  5552 | D:6      | Bought a scroll of teleportation for 33 gold pieces
  5552 | D:6      | Bought a scroll of fear for 38 gold pieces
  5750 | D:6      | Found a staircase to the Ecumenical Temple.
  5885 | Temple   | Entered the Ecumenical Temple
  5895 | Temple   | Became a worshipper of Qazlal Stormbringer
  5895 | Temple   | Acquired Qazlal's first power
  5895 | Temple   | Acquired Qazlal's second power
  6000 | D:7      | Reached skill level 10 in Unarmed Combat
  6180 | D:7      | Noticed mickemicke's ghost (experienced KoAs)
  6303 | D:7      | Found Kuqigg's Jewellery Emporium.
  6518 | D:7      | Reached skill level 5 in Fighting
  6858 | D:7      | Reached skill level 1 in Invocations
  6858 | D:7      | Reached skill level 1 in Evocations
  6910 | D:7      | Killed mickemicke's ghost
  6910 | D:7      | Reached XP level 9. HP: 22/62 MP: 10/13
  7154 | D:7      | Reached skill level 11 in Unarmed Combat
  8176 | D:8      | Acquired Qazlal's third power
  8195 | D:8      | Gained mutation: One of your tentacles bears a spike. [potion of beneficial mutation]
  8196 | D:8      | Gained mutation: Your mind is acute. (Int +2) [potion of beneficial mutation]
  8284 | D:8      | Noticed Edmund
  8287 | D:8      | Reached XP level 10. HP: 25/69 MP: 16/18
  8299 | D:8      | Killed Edmund
  8373 | D:8      | Reached skill level 5 in Evocations
  8542 | D:8      | Noticed Deemzul's ghost (experienced OpMo)
  8554 | D:8      | Killed Deemzul's ghost
  8579 | D:8      | Noticed Grum
  8581 | D:8      | Reached skill level 12 in Unarmed Combat
  8584 | D:8      | Slain by an orc

Action                   |  1- 3 |  4- 6 |  7- 9 | 10-12 || total
-------------------------+-------+-------+-------+-------++-------
Melee: Unarmed           |    95 |   107 |   269 |    35 ||   506
Invok: Upheaval          |       |       |     2 |       ||     2
Evoke: Wand              |       |     9 |    16 |     3 ||    28
  Use: Potion            |       |     1 |     6 |     1 ||     8
       Scroll            |       |       |    11 |     3 ||    14
 Stab: Sleeping          |     9 |     4 |    11 |       ||    24
       Distracted        |     1 |       |       |       ||     1
       Paralysed         |       |     4 |     6 |       ||    10
